 Dungeon Crawl Stone Soup version 0.29.1-12-g30fa7ad0bf (webtiles) character file.

Game seed: 11756619291082950919

852 soggyman666 the Cleaver (level 7, -2/60 HPs)
             Began as a Minotaur Fighter on Dec 28, 2022.
             Was an Initiate of Trog.
             Slain by an orc warrior
             ... wielding a +0 war axe
              (13 damage)
             ... in a bailey on Dec 29, 2022.
             The game lasted 00:11:16 (4937 turns).

soggyman666 the Cleaver (Minotaur Fighter)          Turns: 4937, Time: 00:11:17

Health: -2/60      AC:  9    Str: 22    XL:     7   Next: 69%
Magic:  6/6        EV:  8    Int:  5    God:    Trog [......]
Gold:   313        SH:  4    Dex: 10    Spells: 6/6 levels left

rFire   x . .      SeeInvis .   a - +0 war axe
rCold   + . .      Faith    .   c - +0 buckler
rNeg    . . .      Spirit   .   o - +0 chain mail
rPois   .          Reflect  .   (helmet restricted)
rElec   .          Harm     .   (no cloak)
rCorr   .          Rampage  .   (no gloves)
Will    .....                   (no boots)
Stlth   ..........              k - amulet of regeneration
HPRegen 1.00/turn               g - ring of ice
MPRegen 0.10/turn               (no ring)

@: no status effects
A: horns 2, retaliatory headbutt
a: Renounce Religion


You were in a bailey.
You worshipped Trog.
Trog was noncommittal.
You visited 2 branches of the dungeon, and saw 8 of its levels.
You also visited: Bailey.

You collected 313 gold pieces.

Inventory:

Hand Weapons
 a - a +0 war axe (weapon)
Missiles
 m - 2 javelins
 r - 11 poisoned darts (quivered)
Armour
 c - a +0 buckler (worn)
 e - the +5 robe of Resourcefulness {*Slow rElec rF+++ rCorr}
   (You found it on level 5 of the Dungeon)

   rF:        It renders you almost immune to fire.
   rElec:     It insulates you from electricity.
   rCorr:     It protects you from acid and corrosion.
   *Slow:     It may slow you when you take damage.
 o - a +0 chain mail (worn)
 v - a +2 robe of cold resistance
Jewellery
 g - a ring of ice (left hand)
 k - an amulet of regeneration (around neck)
Wands
 b - a wand of flame (32)
 y - a wand of polymorph (6)
Scrolls
 h - a scroll of butterflies
 q - 2 scrolls of magic mapping
 s - a scroll of silence
 t - a scroll of brand weapon {unknown}
 u - 2 scrolls of teleportation
 B - a scroll of immolation {unknown}
Potions
 d - 2 potions of might
 f - a potion of invisibility {unknown}
 i - a potion of degeneration {unknown}
 j - 4 potions of curing {unknown}
 l - 3 potions of ambrosia {unknown}
 n - a potion of lignification {unknown}
 p - a potion of berserk rage {unknown}
 w - 2 potions of mutation {unknown}
 x - a potion of resistance {unknown}
 z - a potion of heal wounds {unknown}


   Skills:
 + Level 4.7 Fighting
 - Level 9.2 Axes
 + Level 4.7 Armour
 + Level 1.3 Dodging
 + Level 4.6 Shields


You had 6 spell levels left.
You didn't know any spells.
Your spell library contained the following spells:

 Spells                   Type           Power      Damage    Failure   Level
 Foxfire                  Conj/Fire      0%         2x1d4     99%         1
 Sting                    Tmut/Pois      0%         1d3       99%         1
 Ensorcelled Hibernation  Hex/Ice        0%         N/A       100%        2
 Passwall                 Tmut/Erth      0%         N/A       100%        2
 Poisonous Vapours        Pois/Air       0%         N/A       100%        2
 Conjure Flame            Conj/Fire      0%         6-21      100%        3
 Gell's Gravitas          Tloc           0%         N/A       100%        3
 Inner Flame              Hex/Fire       0%         N/A       100%        3
 Lesser Beckoning         Tloc           0%         N/A       100%        3
 Swiftness                Air            0%         N/A       100%        3
 Teleport Other           Tloc           0%         N/A       100%        3
 Flame Wave               Conj/Fire      0%         2d4       100%        4
 Olgreb's Toxic Radiance  Pois           0%         N/A       100%        4


Dungeon Overview and Level Annotations

Branches:
Dungeon (7/15)             Temple (1/1) D:5          Bailey (1/1)

Altars:
Ashenzari
Elyvilon
Fedhas
Gozag
Kikubaaqudgha
Makhleb
Nemelex Xobeh
Okawaru
Ru
Sif Muna
Trog
Uskayaw
Wu Jian
Xom
Yredelemnul

Shops:
D:2 :   D:4 ::(   D:6 :


Innate Abilities, Weirdness & Mutations

You have a pair of horns on your head.
You reflexively headbutt those who attack you in melee.


Message History

The orc warrior jeers loudly.
You block the orc warrior's attack.
Unknown command.
You closely miss the orc warrior. You headbutt the orc warrior!
The orc warrior is heavily wounded.
The orc warrior splashes around in the water.
You barely miss the orc warrior.
The orc warrior is heavily wounded.
The orc warrior splashes around in the water.
Unknown command.
Unknown command.
You hit the orc warrior.
The orc warrior is severely wounded.
The orc warrior hits you but does no damage.
You closely miss the orc warrior. Your headbutt misses the orc warrior.
The orc warrior is severely wounded.
The orc warrior splashes around in the water.
Unknown command.
Unknown command.
You closely miss the orc warrior.
The orc warrior is severely wounded.
The orc warrior hits you with a +0 war axe.
Unknown command.
You barely miss the orc warrior. Your headbutt misses the orc warrior.
The orc warrior is severely wounded.
The orc warrior hits you with a +0 war axe!
Unknown command.
You closely miss the orc warrior.
The orc warrior is severely wounded.
The kobold throws a boomerang.
The boomerang hits you but does no damage.
The orc warrior hits you with a +0 war axe!
You closely miss the orc warrior.
The orc warrior is severely wounded.
The orc warrior hits you with a +0 war axe!
* * * LOW HITPOINT WARNING * * *
You barely miss the orc warrior.
The orc warrior is severely wounded.
The orc warrior hits you with a +0 war axe!
You die...

....⌠... ......#
##.....# ##
###......###...^
≈≈≈≈≈~Ko...#K.####'####
≈≈≈≈≈≈≈K≈~.####.......#
#....o≈≈≈≈≈≈K#.oo[...#K
#...(@.≈≈≈≈≈#########≈
##.......≈≈≈≈≈≈≈≈≈≈≈≈≈
###........~≈≈≈≈≈≈≈~#
####.............#
####......∩..#
###.......##
####.....## ####...#
##...


You could see 2 orc warriors and 3 kobolds.

Vanquished Creatures
  Eustachio (D:4)
  A black bear (D:6)
  An ogre (D:4)
  A scorpion (D:5)
  2 necrophages (D:5)
  A howler monkey (D:6)
  A hound (D:6)
  Jessica (D:3)
  3 iguanas
  8 adders
  A white imp (D:6)
  5 worms
  2 dart slugs (D:5)
  4 orcs
  5 endoplasms
  2 giant cockroaches
  6 goblins
  11 hobgoblins
  17 kobolds
  7 quokkas
  2 ball pythons (D:2)
  5 bats
  4 frilled lizards
  6 rats
  A spectral orc (D:6)
98 creatures vanquished.

Notes
Turn   | Place    | Note
-------+----------+-------------------------------------------
     0 | D:1      | soggyman666 the Minotaur Fighter began the quest for the
                  | Orb.
     0 | D:1      | Reached XP level 1. HP: 19/19 MP: 0/0
   325 | D:1      | Reached XP level 2. HP: 25/27 MP: 1/1
   757 | D:2      | Found a shimmering altar of Xom.
   763 | D:2      | Reached skill level 3 in Axes
   788 | D:2      | Reached XP level 3. HP: 28/33 MP: 2/2
  1045 | D:2      | Reached skill level 4 in Axes
  1389 | D:2      | Found Niyromar's Book Emporium.
  1712 | D:2      | Found a faded altar of an unknown god.
  1945 | D:3      | Reached XP level 4. HP: 40/40 MP: 3/3
  1980 | D:3      | Found a shimmering altar of Xom.
  2095 | D:3      | Reached skill level 5 in Axes
  2165 | D:3      | Found a white marble altar of Elyvilon.
  2216 | D:3      | Noticed Jessica
  2225 | D:3      | Killed Jessica
  2235 | D:3      | Found a blossoming altar of Fedhas.
  2381 | D:4      | Found Guddasyr's Book Shop.
  2396 | D:4      | Found Gihu's Book Shop.
  2414 | D:4      | Reached XP level 5. HP: 43/46 MP: 4/4
  2549 | D:4      | Noticed an ogre
  2554 | D:4      | Killed an ogre
  2555 | D:4      | Reached skill level 6 in Axes
  2572 | D:4      | Reached skill level 7 in Axes
  2742 | D:4      | Noticed Eustachio
  2745 | D:4      | Found Posk's Weapon Shop.
  2767 | D:4      | Killed Eustachio
  2768 | D:4      | Reached skill level 8 in Axes
  2768 | D:4      | Reached XP level 6. HP: 25/52 MP: 5/5
  2922 | D:5      | Entered Level 5 of the Dungeon
  2944 | D:5      | Identified the +5 robe of Resourcefulness {*Slow rElec
                  | rF+++ rCorr}
  3179 | D:5      | Reached skill level 9 in Axes
  3179 | D:5      | Reached XP level 7. HP: 56/58 MP: 6/6
  3283 | D:5      | Found a staircase to the Ecumenical Temple.
  3317 | Temple   | Entered the Ecumenical Temple
  3516 | Temple   | Became a worshipper of Trog the Wrathful
  3787 | D:5      | Found a sacrificial altar of Ru.
  4309 | D:6      | Found an ancient bone altar of Kikubaaqudgha.
  4317 | D:6      | Identified the +1 leather armour of the Falcon {+Inv rF++
                  | Regen+ Str-2}
  4435 | D:6      | Found Wocigima's Tremendous Tomes.
  4512 | D:6      | Reached skill level 1 in Dodging
  4745 | D:6      | Found a basalt altar of Yredelemnul.
  4848 | D:7      | Found a flagged portal.
  4871 | Bailey   | Entered a bailey
  4937 | Bailey   | Slain by an orc warrior

Illustrated notes

Levels and vault maps discovered:
D:1:      dpeg_arrival_tiny_a, layout_loops_cross
D:2:      layout_basic, basic_altar, chequers_ecumenical_altar_simple_redux,
          serial_shops, nicolae_shop_hallway_plus
D:3:      layout_rooms, fedhas_altar_fruit_tree, marbit_many_paths,
          elyvilon_altar_3, uniq_jessica
D:4:      layout_cave_pools, serial_shops, nicolae_shop_waterfront,
          nicolae_shop_bloodbath_and_beyond, shop, uniq_eustachio
D:5:      layout_basic, nicolae_ru_path_of_blood, minmay_temple_entry_offerings
D:6:      layout_loops_ring, mainiacjoe_overflow_catwalk,
          yredelemnul_forgotten_temple_becter, nicolae_shop_i_like_big_books
D:7:      layout_loops_cross, mainiacjoe_overflow_surrounded_room,
          enter_bailey_5
Temple:   compressed_dpeg_triangle_lava_temple
Bailey:   bailey_axe_4, bailey

Skill      XL: |  1  2  3  4  5  6  7 |
---------------+----------------------+-----
Axes           | 3 4 5 8 9 |  9.2
Armour         | 4 |  4.7
Fighting       | 4 |  4.7
Shields        | 4 |  4.6
Dodging        | 1 |  1.3

Action                   |  1- 3 |  4- 6 |  7- 9 || total
-------------------------+-------+-------+-------++-------
Melee: War axe           |   108 |    90 |    74 ||   272
       Headbutt          |     9 |    13 |     9 ||    31
  Use: Scroll            |     2 |     3 |     4 ||     9
       Potion            |       |     1 |       ||     1
Armor: Scale mail        |    38 |       |       ||    38
       Chain mail        |     8 |    60 |    48 ||   116
Dodge: Dodged            |    50 |    42 |    32 ||   124
Block: Buckler           |    22 |    24 |    13 ||    59
